 Dungeon Crawl Stone Soup version 0.31.0-12-g77e489cdc1 (webtiles) character file.

Game seed: 14417151789237274667

59 Balder the Covered (level 3, -7/31 HPs)
             Began as a Demigod Fighter on Feb 19, 2024.
             Mangled by a gnoll
             ... wielding a +0 spear
              (8 damage)
             ... on level 2 of the Dungeon on Feb 20, 2024.
             The game lasted 00:05:47 (1215 turns).

Balder the Covered (Demigod Fighter)                Turns: 1215, Time: 00:05:49

Health: -7/31      AC: 11    Str: 17    XL:     3   Next: 54%
Magic:  5/5        EV:  5    Int: 10    God:
Gold:   83         SH:  5    Dex: 17    Spells: 2/2 levels left

rFire   . . .        a - +0 flail
rCold   . . .        c - +0 buckler
rNeg    . . .        k - +0 plate armour
rPois   .            (no helmet)
rElec   .            (no cloak)
rCorr   .            (no gloves)
SInv    .            (no boots)
Will    .....        (no amulet) Stlth
                     (no ring)
HPRegen 0.25/turn    (no ring)
MPRegen 0.09/turn

%: no passive effects
@: no status effects
A: high MP 1, forlorn, divine attributes
a: no special abilities


You were on level 2 of the Dungeon.
You visited 1 branch of the dungeon, and saw 2 of its levels.

You collected 83 gold pieces.

Inventory:

Hand Weapons
 a - a +0 flail (weapon)
Missiles
 g - 4 javelins (quivered)
 j - 4 poisoned darts
Armour
 b - a +0 scale mail
 c - a +0 buckler (worn)
 k - a +0 plate armour (worn)
Talismans
 i - a serpent talisman
Scrolls
 e - 2 scrolls of identify {unknown}
 f - 3 scrolls of teleportation {unknown}
 h - a scroll of noise {unknown}
 l - a scroll of amnesia {unknown}
 n - a scroll of enchant weapon {unknown}
Potions
 d - a potion of might
 m - a potion of degeneration {unknown}
 o - a potion of mutation {unknown}


   Skills:
 * Level 3.0 Fighting
 * Level 2.3 Maces & Flails
 * Level 3.1 Armour
 * Level 0.7 Dodging
 * Level 0.7 Stealth
 * Level 3.0 Shields


You had 2 spell levels left.
You didn't know any spells.
Your spell library contained the following spells:

 Spells                   Type           Power      Damage    Failure   Level
 Cigotuvi's Dreadful Rot  Necr/Alch/Air  0%         N/A       100%        2
 Ignite Poison            Fire/Alch      0%         N/A       100%        4
 Freezing Cloud           Conj/Ice/Air   0%         6-21      100%        5


Dungeon Overview and Level Annotations

Branches:
Dungeon (2/15)

Annotations:
D:2 1 runed translucent door, Crazy Yiuf


Innate Abilities, Weirdness & Mutations

You have an increased reservoir of magic. (+10% MP)
You shall have no god before yourself.
Your divine heritage dramatically boosts your attributes as you level up.


Message History

You hit the gnoll.
The gnoll is heavily wounded.
The gnoll hits you but does no damage. x2; The gnoll barely misses you.
You hit the gnoll.
The gnoll is almost dead.
The gnoll hits you but does no damage.
The gnoll hits you from afar with a +0 spear.
The gnoll barely misses you.
You hit the gnoll but do no damage.
The gnoll is almost dead.
The gnoll barely misses you. You block the gnoll's attack.
You closely miss the gnoll.
The gnoll is almost dead.
The gnoll barely misses you. The gnoll hits you with a +0 whip!
The gnoll hits you but does no damage.
You hit the gnoll.
You kill the gnoll!
The gnoll barely misses you. The gnoll hits you with a +0 spear.
The gnoll hits you from afar with a +0 spear.
You hit the gnoll.
The gnoll is moderately wounded.
The gnoll barely misses you. The gnoll hits you but does no damage.
The gnoll hits you with a +0 spear.
You barely miss the gnoll.
The gnoll is moderately wounded.
The gnoll hits you but does no damage. The gnoll barely misses you.
You barely miss the gnoll.
The gnoll is moderately wounded.
The gnoll hits you but does no damage. The gnoll hits you with a +0 spear.
* * * LOW HITPOINT WARNING * * *
The gnoll hits you but does no damage.
You barely miss the gnoll.
The gnoll is lightly wounded.
The gnoll hits you with a +0 spear.
* * * LOW HITPOINT WARNING * * *
The gnoll hits you from afar with a +0 spear!
* * * LOW HITPOINT WARNING * * *
The gnoll hits you with a +0 spear!
You die...

#...#..#...##....# #...###...##.
.................# #.........##.
.##.#.##..>####'## #........##..
.+..#......#.##.# #........##.#
.####..##..#....# #............
.# #......#.########...###......
.# #..##......#.................
## #..#.....#.#.# #......####..
#####.##.#.###.#@# #...... #..
......#........#g# #...... #..
###......#.#####g## #.##### #..
###..........##.g.# #.###########
..†.....##.#.##...###.#..........
.......###.#.##.......g..........
...#+### #.#.##....#........#####
...+.#####.#.....#+#....##..# #.
...#.....#.#####............# #.


You could see 3 gnolls.

Vanquished Creatures
  2 gnolls
  2 dart slugs (D:1)
  4 ball pythons
  3 endoplasms
  4 giant cockroaches
  3 hobgoblins (D:1)
  3 quokkas
  6 bats
  6 frilled lizards
  2 kobolds (D:1)
  A rat (D:1)
36 creatures vanquished.

Notes
Turn   | Place    | Note
-------+----------+-------------------------------------------
     0 | D:1      | Balder the Demigod Fighter began the quest for the Orb.
     0 | D:1      | Reached XP level 1. HP: 18/18 MP: 3/3
   100 | D:1      | Reached XP level 2. HP: 23/25 MP: 4/4
   387 | D:1      | Reached XP level 3. HP: 30/31 MP: 5/5
  1126 | D:2      | Found a runed translucent door.
  1127 | D:2      | Noticed Crazy Yiuf
  1215 | D:2      | HP: 1/31 [gnoll/+0 spear (7)]
  1215 | D:2      | Mangled by a gnoll

Illustrated notes

Levels and vault maps discovered:
D:1:      grunt_arrival_lava_bath, layout_rooms,
          shapermc_ecumenical_altar_mp_urbaneastern
D:2:      layout_basic, uniq_crazy_yiuf_cottage

Skill      XL: |  1  2  3 |
---------------+----------+-----
Fighting       | 3 |  3.0
Maces & Flails | 2 |  2.3
Armour         | 3 |  3.1
Shields        | 3 |  3.0
Dodging        | |  0.7
Stealth        | |  0.7

Action                     || total
---------------------------++-------
  Melee: Flail             ||   104
 Armour: Scale mail        ||    37
         Plate armour      ||    74
  Dodge: Dodged            ||    42
  Block: Buckler           ||    29
